TOP OF THE 1ST |
Washington (WIN) Nationals batting - Pitching for Chicago (WIN) Cubs : RHP Ryohei Uda
|
Pitching: RHP Ryohei Uda
|
|
Batting: RHB Dusty Ballard
|
0-0: Ball 1-0: Called Strike 1-1: Foul Ball, location: 2F 1-2: Ball 2-2: Foul Ball, location: 2F 2-2: Ball 3-2: SINGLE (Flyball, 6MD, EV 85.0 MPH)
|
Batting: RHB Nate Dickinson
|
0-0: Called Strike 0-1: Swinging Strike 0-2: Ball 1-2: Strikes out swinging
|
Batting: LHB Jae-ik Soung
|
0-0: Ball 1-0: Foul Ball, location: 2F 1-1: Called Strike 1-2: Strikes out swinging
|
Batting: LHB Kyung-jin Cho
|
0-0: Ball Dusty Ballard steals 2nd base 1-0: Ball 2-0: Called Strike 2-1: Ball 3-1: Foul Ball, location: 2F 3-2: SINGLE (Line Drive, 34D, EV 97.5 MPH) Dusty Ballard to third Runner from 3rd tries for Home, throw by RF and OUT! 9-2
|
Top of the 1st over - 0 runs, 2 hits, 0 errors, 1 left on base; Washington (WIN) 0 - Chicago (WIN) 0 |
BOTTOM OF THE 1ST |
Chicago (WIN) Cubs batting - Pitching for Washington (WIN) Nationals : RHP Danny Diaz
|
Pitching: RHP Danny Diaz
|
|
Batting: RHB Jason Ostrom
|
0-0: Called Strike 0-1: Bunted foul 0-2: SINGLE (Line Drive, 6MD, EV 110.6 MPH)
|
Batting: RHB Sam Sours
|
0-0: Ball 1-0: Called Strike 1-1: Swinging Strike 1-2: Ball 2-2: Foul Ball, location: 2F 2-2: Strikes out looking
|
Batting: RHB Jose Balderrama
|
0-0: Ball Jason Ostrom steals 2nd base 1-0: Ball 2-0: Ball 3-0: Called Strike 3-1: Called Strike 3-2: Foul Ball, location: 2F 3-2: SINGLE (Line Drive, 4MD, EV 98.8 MPH) Jason Ostrom to third Runner from 3rd tries for Home, SAFE, throw by CF to home
|
Batting: RHB Heef Harted
|
0-0: Called Strike 0-1: Ball 1-1: Ball 2-1: Foul Ball, location: 2F 2-2: SINGLE (Groundball, 56D, EV 106.9 MPH) Jose Balderrama to second
|
Batting: LHB Mark Ingram
|
0-0: Ball 1-0: Ball 2-0: Fly out, F8 (Flyball, 78XD, EV 105.6 MPH) Runner from 2nd tags up, SAFE at 3rd, no throw by CF
|
Batting: SHB Art Kent
|
0-0: Ball Heef Harted steals 2nd base 1-0: Called Strike 1-1: Ball 2-1: Swinging Strike 2-2: Ground out 1-3 (Groundball, 15S, EV 73.8 MPH)
|
Bottom of the 1st over - 1 run, 3 hits, 0 errors, 2 left on base; Washington (WIN) 0 - Chicago (WIN) 1 |
TOP OF THE 2ND |
Washington (WIN) Nationals batting - Pitching for Chicago (WIN) Cubs : RHP Ryohei Uda
|
Batting: RHB Jon Buscher
|
0-0: Ball 1-0: Called Strike 1-1: Foul Ball, location: 2F 1-2: Strikes out swinging
|
Batting: LHB Alexis Cantu
|
0-0: Called Strike 0-1: Ball 1-1: Foul Ball, location: 2F 1-2: SINGLE (Groundball, 4MD, EV 108.8 MPH)
|
Batting: RHB Jim Miske
|
0-0: Called Strike 0-1: Grounds into double play, 4-6-3 (Groundball, 4, EV 88.1 MPH)
|
Top of the 2nd over - 0 runs, 1 hit, 0 errors, 0 left on base; Washington (WIN) 0 - Chicago (WIN) 1 |
BOTTOM OF THE 2ND |
Chicago (WIN) Cubs batting - Pitching for Washington (WIN) Nationals : RHP Danny Diaz
|
Batting: RHB Leonardo Nava
|
0-0: Foul Ball, location: 2F 0-1: Fly out, F7 (Line Drive, 7, EV 102.5 MPH)
|
Batting: RHB Khalil Stephens
|
0-0: Called Strike 0-1: SINGLE (Groundball, 4D, EV 105.6 MPH)
|
Batting: RHB Adam Kelliher
|
0-0: Called Strike 0-1: Swinging Strike 0-2: Ball 1-2: Foul Ball, location: 2F 1-2: Strikes out looking
|
Batting: RHB Jason Ostrom
|
0-0: Ball 1-0: Foul Ball, location: 2F 1-1: Fielders Choice at 2nd, 5-4 (Groundball, 5, EV 84.4 MPH)
|
Bottom of the 2nd over - 0 runs, 1 hit, 0 errors, 1 left on base; Washington (WIN) 0 - Chicago (WIN) 1 |
TOP OF THE 3RD |
Washington (WIN) Nationals batting - Pitching for Chicago (WIN) Cubs : RHP Ryohei Uda
|
Batting: RHB Hisayuki Akiyama
|
0-0: Ball 1-0: Ball 2-0: Ground out 5-3 (Groundball, 56, EV 83.8 MPH)
|
Batting: RHB Justin Bonner
|
0-0: SOLO HOME RUN (Line Drive, 7D, EV 98.8 MPH), Distance : 372 ft
|
Batting: RHB Dusty Ballard
|
0-0: Ball 1-0: Foul Ball, location: 2F 1-1: Ball 2-1: Ball 3-1: Called Strike 3-2: Strikes out swinging
|
Batting: RHB Nate Dickinson
|
0-0: Called Strike 0-1: Ball 1-1: Called Strike 1-2: Strikes out looking
|
Top of the 3rd over - 1 run, 1 hit, 0 errors, 0 left on base; Washington (WIN) 1 - Chicago (WIN) 1 |
BOTTOM OF THE 3RD |
Chicago (WIN) Cubs batting - Pitching for Washington (WIN) Nationals : RHP Danny Diaz
|
Batting: RHB Sam Sours
|
0-0: Called Strike 0-1: Called Strike 0-2: Ball 1-2: Foul Ball, location: 2F 1-2: Foul Ball, location: 2F 1-2: Strikes out swinging
|
Batting: RHB Jose Balderrama
|
0-0: Swinging Strike 0-1: Swinging Strike 0-2: Ball 1-2: Strikes out swinging
|
Batting: RHB Heef Harted
|
0-0: Called Strike 0-1: Called Strike 0-2: Strikes out swinging
|
Bottom of the 3rd over - 0 runs, 0 hits, 0 errors, 0 left on base; Washington (WIN) 1 - Chicago (WIN) 1 |
TOP OF THE 4TH |
Washington (WIN) Nationals batting - Pitching for Chicago (WIN) Cubs : RHP Ryohei Uda
|
Batting: LHB Jae-ik Soung
|
0-0: Foul Ball, location: 2F 0-1: Ball 1-1: Ball 2-1: Ball 3-1: Foul Ball, location: 2F 3-2: SINGLE (Line Drive, 34, EV 99.4 MPH)
|
Batting: LHB Kyung-jin Cho
|
0-0: Foul Ball, location: 2F 0-1: Grounds into double play, 4-6-3 (Groundball, 4S, EV 80.0 MPH)
|
Batting: RHB Jon Buscher
|
0-0: Foul Ball, location: 2F 0-1: Fly out, F7 (Flyball, 78D, EV 105.6 MPH)
|
Top of the 4th over - 0 runs, 1 hit, 0 errors, 0 left on base; Washington (WIN) 1 - Chicago (WIN) 1 |
BOTTOM OF THE 4TH |
Chicago (WIN) Cubs batting - Pitching for Washington (WIN) Nationals : RHP Danny Diaz
|
Batting: LHB Mark Ingram
|
0-0: Ball 1-0: SINGLE (Groundball, 4D, EV 102.5 MPH)
|
Batting: SHB Art Kent
|
0-0: Ball 1-0: Swinging Strike 1-1: Foul Ball, location: 2F 1-2: Ball 2-2: Grounds into double play, 4-6-3 (Groundball, 4, EV 96.2 MPH)
|
Batting: RHB Leonardo Nava
|
0-0: Called Strike 0-1: Ball 1-1: Ball 2-1: Ball 3-1: Base on Balls
|
Batting: RHB Khalil Stephens
|
0-0: Foul Ball, location: 2F 0-1: Called Strike 0-2: Strikes out swinging
|
Bottom of the 4th over - 0 runs, 1 hit, 0 errors, 1 left on base; Washington (WIN) 1 - Chicago (WIN) 1 |
TOP OF THE 5TH |
Washington (WIN) Nationals batting - Pitching for Chicago (WIN) Cubs : RHP Ryohei Uda
|
Batting: LHB Alexis Cantu
|
0-0: Called Strike 0-1: Ball 1-1: Ball 2-1: Foul Ball, location: 2F 2-2: Strikes out swinging
|
Batting: RHB Jim Miske
|
0-0: Swinging Strike 0-1: Ball 1-1: Ball 2-1: Foul Ball, location: 2F 2-2: Ball 3-2: Foul Ball, location: 2F 3-2: Strikes out swinging
|
Batting: RHB Hisayuki Akiyama
|
0-0: Ball 1-0: Ball 2-0: Foul Ball, location: 2F 2-1: Called Strike 2-2: Strikes out swinging
|
Top of the 5th over - 0 runs, 0 hits, 0 errors, 0 left on base; Washington (WIN) 1 - Chicago (WIN) 1 |
BOTTOM OF THE 5TH |
Chicago (WIN) Cubs batting - Pitching for Washington (WIN) Nationals : RHP Danny Diaz
|
Batting: RHB Adam Kelliher
|
0-0: Foul Ball, location: 2F 0-1: Ball 1-1: Foul Ball, location: 2F 1-2: Ball 2-2: Foul Ball, location: 2F 2-2: Ball 3-2: Base on Balls
|
Pitching: RHP Jose Barreras
|
|
Batting: RHB Jason Ostrom
|
0-0: Called Strike 0-1: Ball Adam Kelliher steals 2nd base 1-1: Ground out 6-3 (Groundball, 6D, EV 81.2 MPH) Adam Kelliher to third
|
Batting: RHB Sam Sours
|
0-0: Ball 1-0: Called Strike 1-1: Swinging Strike 1-2: Strikes out swinging
|
Batting: RHB Jose Balderrama
|
0-0: Called Strike 0-1: SINGLE (Groundball, 56D, EV 97.5 MPH) Adam Kelliher scores
|
Batting: RHB Heef Harted
|
0-0: Ball 1-0: Called Strike 1-1: Fielders Choice at 2nd, 6-4 (Groundball, 6, EV 88.1 MPH)
|
Bottom of the 5th over - 1 run, 1 hit, 0 errors, 1 left on base; Washington (WIN) 1 - Chicago (WIN) 2 |
TOP OF THE 6TH |
Washington (WIN) Nationals batting - Pitching for Chicago (WIN) Cubs : RHP Ryohei Uda
|
Batting: RHB Justin Bonner
|
0-0: Ball 1-0: Ball 2-0: Swinging Strike 2-1: SINGLE (Line Drive, 8LS, EV 90.0 MPH)
|
Batting: RHB Dusty Ballard
|
0-0: Ball 1-0: Foul Ball, location: 2F 1-1: Foul Ball, location: 2F 1-2: Ball 2-2: Strikes out looking
|
Batting: RHB Nate Dickinson
|
0-0: Ball 1-0: Ball 2-0: Ball 3-0: Called Strike 3-1: Base on Balls Justin Bonner to second
|
Batting: LHB Jae-ik Soung
|
0-0: Ball 1-0: Ball 2-0: Foul Ball, location: 2F 2-1: Called Strike Justin Bonner steals 3rd base Nate Dickinson to second 2-2: Foul Ball, location: 2F 2-2: 3-RUN HOME RUN (Flyball, 89XD, EV 105.0 MPH), Distance : 433 ft
|
Batting: LHB Kyung-jin Cho
|
0-0: Foul Ball, location: 2F 0-1: Swinging Strike 0-2: Fly out, F7 (Flyball, 78M, EV 85.6 MPH)
|
Batting: RHB Jon Buscher
|
0-0: Swinging Strike 0-1: Swinging Strike 0-2: Ball 1-2: Strikes out looking
|
Top of the 6th over - 3 runs, 2 hits, 0 errors, 0 left on base; Washington (WIN) 4 - Chicago (WIN) 2 |
BOTTOM OF THE 6TH |
Chicago (WIN) Cubs batting - Pitching for Washington (WIN) Nationals : RHP Jose Barreras
|
Batting: LHB Mark Ingram
|
0-0: Ball 1-0: Foul Ball, location: 2F 1-1: Ground out 4-3 (Groundball, 4, EV 85.6 MPH)
|
Batting: SHB Art Kent
|
0-0: Ball 1-0: SINGLE (Flyball, 6D, EV 94.4 MPH)
|
Batting: RHB Leonardo Nava
|
0-0: Ball Art Kent is caught stealing 2nd base 2-4 1-0: Called Strike 1-1: SINGLE (Line Drive, 8RS, EV 87.5 MPH)
|
Batting: RHB Khalil Stephens
|
0-0: Called Strike 0-1: Ball Leonardo Nava is caught stealing 2nd base 2-4
|
Bottom of the 6th over - 0 runs, 2 hits, 0 errors, 0 left on base; Washington (WIN) 4 - Chicago (WIN) 2 |
TOP OF THE 7TH |
Washington (WIN) Nationals batting - Pitching for Chicago (WIN) Cubs : RHP Ryohei Uda
|
Batting: LHB Alexis Cantu
|
0-0: Called Strike 0-1: Foul Ball, location: 2F 0-2: Ball 1-2: Foul Ball, location: 2F 1-2: Strikes out swinging
|
Batting: RHB Jim Miske
|
0-0: Ball 1-0: Called Strike 1-1: SINGLE (Groundball, 56D, EV 98.1 MPH)
|
Pitching: LHP Colin Scott
|
|
Batting: RHB Hisayuki Akiyama
|
0-0: Ball 1-0: Ball Jim Miske is caught stealing 2nd base 2-4 2-0: Swinging Strike 2-1: Swinging Strike 2-2: Foul Ball, location: 2F 2-2: Ball 3-2: Strikes out swinging
|
Top of the 7th over - 0 runs, 1 hit, 0 errors, 0 left on base; Washington (WIN) 4 - Chicago (WIN) 2 |
BOTTOM OF THE 7TH |
Chicago (WIN) Cubs batting - Pitching for Washington (WIN) Nationals : RHP Jose Barreras
|
Batting: RHB Khalil Stephens
|
0-0: SINGLE (Groundball, 34S, EV 67.5 MPH) (infield hit)
|
Batting: RHB Adam Kelliher
|
0-0: Ball 1-0: Called Strike 1-1: Swinging Strike 1-2: Strikes out swinging
|
Batting: RHB Jason Ostrom
|
0-0: Ball Khalil Stephens steals 2nd base 1-0: Called Strike 1-1: Ball 2-1: Foul Ball, location: 2F 2-2: Foul Ball, location: 2F 2-2: SINGLE (Groundball, 25, EV 73.1 MPH) (infield hit) Khalil Stephens to third
|
Batting: RHB Sam Sours
|
0-0: Called Strike 0-1: Grounds into double play, 6-4-3 (Groundball, 6M, EV 84.4 MPH)
|
Bottom of the 7th over - 0 runs, 2 hits, 0 errors, 1 left on base; Washington (WIN) 4 - Chicago (WIN) 2 |
TOP OF THE 8TH |
Washington (WIN) Nationals batting - Pitching for Chicago (WIN) Cubs : LHP Colin Scott
|
Batting: RHB Justin Bonner
|
0-0: Ball 1-0: Reached on error, E6 (Groundball, 6, EV 102.5 MPH)
|
Batting: RHB Dusty Ballard
|
0-0: Sac Bunt to 25 - play at first, batter OUT! 5-3 Justin Bonner to second
|
Batting: RHB Nate Dickinson
|
0-0: Called Strike Justin Bonner steals 3rd base 0-1: Foul Ball, location: 2F 0-2: Strikes out swinging
|
Batting: LHB Jae-ik Soung
|
0-0: Ball 1-0: Called Strike 1-1: Ball 2-1: Ball 3-1: Called Strike 3-2: Foul Ball, location: 2F 3-2: Strikes out looking
|
Top of the 8th over - 0 runs, 0 hits, 1 error, 1 left on base; Washington (WIN) 4 - Chicago (WIN) 2 |
BOTTOM OF THE 8TH |
Chicago (WIN) Cubs batting - Pitching for Washington (WIN) Nationals : RHP Jose Barreras
|
Batting: RHB Jose Balderrama
|
0-0: Ball 1-0: Ball 2-0: SINGLE (Groundball, 56D, EV 99.4 MPH)
|
Batting: RHB Heef Harted
|
0-0: Foul Ball, location: 2F 0-1: Foul Ball, location: 2F 0-2: Foul Ball, location: 2F 0-2: Ball 1-2: Fielders Choice at 2nd, 6-4 (Groundball, 6, EV 101.2 MPH)
|
Batting: LHB Mark Ingram
|
0-0: Ball 1-0: Ball 2-0: Ball 3-0: Grounds into double play, 6-4-3 (Groundball, 6, EV 101.9 MPH)
|
Bottom of the 8th over - 0 runs, 1 hit, 0 errors, 0 left on base; Washington (WIN) 4 - Chicago (WIN) 2 |
TOP OF THE 9TH |
Washington (WIN) Nationals batting - Pitching for Chicago (WIN) Cubs : LHP Colin Scott
|
Batting: LHB Kyung-jin Cho
|
0-0: Swinging Strike 0-1: Ball 1-1: Ball 2-1: Called Strike 2-2: Strikes out swinging
|
Batting: RHB Jon Buscher
|
0-0: Ball 1-0: Swinging Strike 1-1: Foul Ball, location: 2F 1-2: Ball 2-2: Ball 3-2: Strikes out looking
|
Batting: LHB Alexis Cantu
|
0-0: Ball 1-0: Ball 2-0: Ball 3-0: Called Strike 3-1: Base on Balls
|
Batting: RHB Jim Miske
|
0-0: Foul Ball, location: 2F 0-1: Foul Ball, location: 2F 0-2: Ball 1-2: Ball 2-2: Strikes out swinging
|
Top of the 9th over - 0 runs, 0 hits, 0 errors, 1 left on base; Washington (WIN) 4 - Chicago (WIN) 2 |
BOTTOM OF THE 9TH |
Chicago (WIN) Cubs batting - Pitching for Washington (WIN) Nationals : RHP Jose Barreras
|
Pitching: RHP Kareem Linz
|
|
Now in CF: Ke-yue Hong
|
|
Now in RF: Nate Dickinson
|
|
Batting: SHB Art Kent
|
0-0: Called Strike 0-1: Ball 1-1: Ball 2-1: Ball 3-1: Foul Ball, location: 2F 3-2: Foul Ball, location: 2F 3-2: Fly out, F8 (Line Drive, 89M, EV 98.8 MPH)
|
Batting: RHB Leonardo Nava
|
0-0: SINGLE (Groundball, 6MD, EV 93.8 MPH)
|
Batting: RHB Khalil Stephens
|
0-0: Ball 1-0: Called Strike 1-1: Ball 2-1: Swinging Strike 2-2: Ball 3-2: Base on Balls Leonardo Nava to second
|
Pinch Hitting: LHB Angel Oropeza
|
0-0: Ball 1-0: Foul Ball, location: 2F 1-1: Ball 2-1: DOUBLE (Line Drive, 89D, EV 113.8 MPH) Leonardo Nava scores Khalil Stephens to third Runner from 3rd tries for Home, SAFE, throw by CF to trailing runner, OUT at third! 8-3-5
|
Batting: RHB Jason Ostrom
|
0-0: Called Strike 0-1: Ball 1-1: Swinging Strike 1-2: Ball 2-2: Strikes out looking
|
Bottom of the 9th over - 2 runs, 2 hits, 0 errors, 0 left on base; Washington (WIN) 4 - Chicago (WIN) 4 |
TOP OF THE 10TH |
Washington (WIN) Nationals batting - Pitching for Chicago (WIN) Cubs : LHP Colin Scott
|
Pitching: LHP Mike Alexander
|
|
Now at 3B: Ryan Walker
|
|
Batting: RHB Hisayuki Akiyama
|
0-0: Called Strike 0-1: Ball 1-1: Called Strike 1-2: Ball 2-2: Ball 3-2: Foul Ball, location: 2F 3-2: Base on Balls
|
Batting: RHB Justin Bonner
|
0-0: Sac Bunt to 23 - play at first, batter OUT! 3-4 Hisayuki Akiyama to second
|
Batting: RHB Dusty Ballard
|
0-0: Called Strike 0-1: Swinging Strike 0-2: Ball 1-2: Fly out, F9 (Flyball, 9LS, EV 93.8 MPH)
|
Batting: RHB Nate Dickinson
|
0-0: Ball 1-0: Fly out, F9 (Flyball, 89M, EV 89.4 MPH)
|
Top of the 10th over - 0 runs, 0 hits, 0 errors, 1 left on base; Washington (WIN) 4 - Chicago (WIN) 4 |
BOTTOM OF THE 10TH |
Chicago (WIN) Cubs batting - Pitching for Washington (WIN) Nationals : RHP Kareem Linz
|
Pitching: LHP Kerry Baty
|
|
Batting: RHB Sam Sours
|
0-0: Ball 1-0: Ball 2-0: Foul Ball, location: 2F 2-1: Ball 3-1: Base on Balls
|
Batting: RHB Jose Balderrama
|
0-0: Called Strike 0-1: Swinging Strike 0-2: Strikes out swinging
|
Batting: RHB Heef Harted
|
0-0: Swinging Strike 0-1: Ball 1-1: Foul Ball, location: 2F 1-2: Ball 2-2: Fly out, F8 (Line Drive, 8LM, EV 109.4 MPH)
|
Pinch Hitting: RHB Armando Vilano
|
0-0: Ball 1-0: Ball 2-0: Ball 3-0: Base on Balls Sam Sours to second
|
Batting: SHB Art Kent
|
0-0: Foul Ball, location: 2F 0-1: Fly out, F9 (Flyball, 9, EV 78.8 MPH)
|
Bottom of the 10th over - 0 runs, 0 hits, 0 errors, 2 left on base; Washington (WIN) 4 - Chicago (WIN) 4 |
TOP OF THE 11TH |
Washington (WIN) Nationals batting - Pitching for Chicago (WIN) Cubs : LHP Mike Alexander
|
Now at C: Dylan Burke
|
|
Batting: LHB Jae-ik Soung
|
0-0: Called Strike 0-1: Swinging Strike 0-2: Ball 1-2: Strikes out looking
|
Pinch Hitting: RHB Kevin Wick
|
0-0: Foul Ball, location: 2F 0-1: Fly out, F8 (Flyball, 8RD, EV 102.5 MPH)
|
Batting: RHB Jon Buscher
|
0-0: Ball 1-0: Called Strike 1-1: Foul Ball, location: 2F 1-2: Ball 2-2: Ball 3-2: Ground out 4-3 (Groundball, 4, EV 90.0 MPH)
|
Top of the 11th over - 0 runs, 0 hits, 0 errors, 0 left on base; Washington (WIN) 4 - Chicago (WIN) 4 |
BOTTOM OF THE 11TH |
Chicago (WIN) Cubs batting - Pitching for Washington (WIN) Nationals : LHP Kerry Baty
|
Now in LF: Kevin Wick
|
|
Batting: RHB Leonardo Nava
|
0-0: Called Strike 0-1: Ball 1-1: Ball 2-1: Ball 3-1: Foul Ball, location: 2F 3-2: Fly out, F4 (Popup, 13, EV 80.6 MPH)
|
Batting: RHB Khalil Stephens
|
0-0: Foul Ball, location: 2F 0-1: Ball 1-1: Foul Ball, location: 2F 1-2: Ball 2-2: Strikes out swinging
|
Batting: RHB Ryan Walker
|
0-0: Ball 1-0: Ball 2-0: Ball 3-0: Base on Balls
|
Batting: RHB Jason Ostrom
|
0-0: Ball 1-0: Ball 2-0: Fly out, F4 (Line Drive, 4, EV 70.6 MPH)
|
Bottom of the 11th over - 0 runs, 0 hits, 0 errors, 1 left on base; Washington (WIN) 4 - Chicago (WIN) 4 |
TOP OF THE 12TH |
Washington (WIN) Nationals batting - Pitching for Chicago (WIN) Cubs : LHP Mike Alexander
|
Batting: RHB Ke-yue Hong
|
0-0: Ball 1-0: SINGLE (Groundball, 56D, EV 99.4 MPH)
|
Batting: RHB Jim Miske
|
0-0: Reached on error, E1 (Groundball, 15S, EV 43.8 MPH) Ke-yue Hong to second
|
Batting: RHB Hisayuki Akiyama
|
0-0: Ball 1-0: Bunted foul 1-1: Sac Bunt to 15 - play at first, batter OUT! 1-4 Ke-yue Hong to third Jim Miske to second
|
Batting: RHB Justin Bonner
|
0-0: Swinging Strike 0-1: Swinging Strike 0-2: Strikes out looking
|
Batting: RHB Dusty Ballard
|
0-0: Fly out, F9 (Flyball, 9S, EV 88.8 MPH)
|
Top of the 12th over - 0 runs, 1 hit, 1 error, 2 left on base; Washington (WIN) 4 - Chicago (WIN) 4 |
BOTTOM OF THE 12TH |
Chicago (WIN) Cubs batting - Pitching for Washington (WIN) Nationals : LHP Kerry Baty
|
Batting: RHB Sam Sours
|
0-0: Ball 1-0: Called Strike 1-1: Foul Ball, location: 2F 1-2: Foul Ball, location: 2F 1-2: Strikes out looking
|
Batting: RHB Jose Balderrama
|
0-0: Called Strike 0-1: Ball 1-1: Ball 2-1: Swinging Strike 2-2: Strikes out looking
|
Batting: RHB Heef Harted
|
0-0: Called Strike 0-1: Ball 1-1: Foul Ball, location: 2F 1-2: Strikes out swinging
|
Bottom of the 12th over - 0 runs, 0 hits, 0 errors, 0 left on base; Washington (WIN) 4 - Chicago (WIN) 4 |
TOP OF THE 13TH |
Washington (WIN) Nationals batting - Pitching for Chicago (WIN) Cubs : LHP Mike Alexander
|
Pitching: RHP Heriberto Esquivel
|
|
Batting: RHB Nate Dickinson
|
0-0: Swinging Strike 0-1: Fly out, F9 (Flyball, 9S, EV 83.8 MPH)
|
Batting: LHB Jae-ik Soung
|
0-0: Called Strike 0-1: Foul Ball, location: 2F 0-2: Ball 1-2: Foul Ball, location: 2F 1-2: Ball 2-2: Strikes out swinging
|
Pinch Hitting: LHB Pat Aviles
|
0-0: Called Strike 0-1: Ball 1-1: Ball 2-1: Ground out 4-3 (Groundball, 4, EV 81.9 MPH)
|
Top of the 13th over - 0 runs, 0 hits, 0 errors, 0 left on base; Washington (WIN) 4 - Chicago (WIN) 4 |
BOTTOM OF THE 13TH |
Chicago (WIN) Cubs batting - Pitching for Washington (WIN) Nationals : LHP Kerry Baty
|
Pitching: RHP Ruben Nevarel
|
|
Now in LF: Nate Dickinson
|
|
Now in RF: Pat Aviles
|
|
Batting: RHB Dylan Burke
|
0-0: Foul Ball, location: 2F 0-1: Ball 1-1: Swinging Strike 1-2: Strikes out looking
|
Batting: SHB Art Kent
|
0-0: Ball 1-0: Foul Ball, location: 2F 1-1: Ball 2-1: Ball 3-1: Called Strike 3-2: Base on Balls
|
Batting: RHB Leonardo Nava
|
0-0: Ball 1-0: Swinging Strike 1-1: Ball 2-1: Fly out, F7 (Flyball, 78M, EV 98.1 MPH)
|
Batting: RHB Khalil Stephens
|
0-0: SINGLE (Groundball, 4, EV 99.4 MPH) Art Kent to second Runner from 2nd tries for 3rd, OUT! 9-5
|
Bottom of the 13th over - 0 runs, 1 hit, 0 errors, 1 left on base; Washington (WIN) 4 - Chicago (WIN) 4 |
TOP OF THE 14TH |
Washington (WIN) Nationals batting - Pitching for Chicago (WIN) Cubs : RHP Heriberto Esquivel
|
Pinch Hitting: LHB Dillon Gonzalez
|
0-0: Swinging Strike 0-1: DOUBLE (Flyball, 78D, EV 105.6 MPH)
|
Batting: RHB Ke-yue Hong
|
0-0: Called Strike 0-1: Ground out 5-3 (Groundball, 56, EV 102.5 MPH)
|
Batting: RHB Jim Miske
|
0-0: SINGLE (Groundball, 25, EV 70.0 MPH) (infield hit) Dillon Gonzalez to third
|
Batting: RHB Hisayuki Akiyama
|
0-0: Called Strike 0-1: Ball 1-1: Ball 2-1: Swinging Strike 2-2: Foul Ball, location: 2F 2-2: Strikes out looking
|
Batting: RHB Justin Bonner
|
0-0: Foul Ball, location: 2F 0-1: Swinging Strike 0-2: Foul Ball, location: 2F 0-2: Ball 1-2: Strikes out swinging
|
Top of the 14th over - 0 runs, 2 hits, 0 errors, 2 left on base; Washington (WIN) 4 - Chicago (WIN) 4 |
BOTTOM OF THE 14TH |
Chicago (WIN) Cubs batting - Pitching for Washington (WIN) Nationals : RHP Ruben Nevarel
|
Now at C: Josh Lykins
|
|
Batting: RHB Ryan Walker
|
0-0: Ball 1-0: Called Strike 1-1: Ground out 4-3 (Groundball, 4, EV 93.1 MPH)
|
Batting: RHB Jason Ostrom
|
0-0: Ball 1-0: Ball 2-0: Ground out 4-3 (Groundball, 4S, EV 75.6 MPH)
|
Batting: RHB Sam Sours
|
0-0: Ball 1-0: Ball 2-0: Ball 3-0: Called Strike 3-1: Base on Balls
|
Batting: RHB Jose Balderrama
|
0-0: Called Strike 0-1: Ball 1-1: Ground out 5-3 (Groundball, 5S, EV 71.2 MPH)
|
Bottom of the 14th over - 0 runs, 0 hits, 0 errors, 1 left on base; Washington (WIN) 4 - Chicago (WIN) 4 |
TOP OF THE 15TH |
Washington (WIN) Nationals batting - Pitching for Chicago (WIN) Cubs : RHP Heriberto Esquivel
|
Batting: RHB Dusty Ballard
|
0-0: Called Strike 0-1: Foul Ball, location: 2F 0-2: Ball 1-2: Ball 2-2: Ball 3-2: Strikes out looking
|
Batting: RHB Nate Dickinson
|
0-0: Ball 1-0: Ball 2-0: Ball 3-0: Base on Balls
|
Pitching: RHP Karl Stuart
|
|
Batting: LHB Jae-ik Soung
|
0-0: Called Strike Nate Dickinson is caught stealing 2nd base 2-6 0-1: Swinging Strike 0-2: Ball 1-2: Ball 2-2: Ball 3-2: Fly out, F7 (Flyball, 78M, EV 94.4 MPH)
|
Top of the 15th over - 0 runs, 0 hits, 0 errors, 0 left on base; Washington (WIN) 4 - Chicago (WIN) 4 |
BOTTOM OF THE 15TH |
Chicago (WIN) Cubs batting - Pitching for Washington (WIN) Nationals : RHP Ruben Nevarel
|
Batting: RHB Heef Harted
|
0-0: Foul Ball, location: 2F 0-1: Foul Ball, location: 2F 0-2: Strikes out swinging
|
Batting: RHB Dylan Burke
|
0-0: Ball 1-0: Called Strike 1-1: Ball 2-1: Foul Ball, location: 2F 2-2: Strikes out looking
|
Batting: SHB Art Kent
|
0-0: Called Strike 0-1: Called Strike 0-2: Ball 1-2: Ball 2-2: Strikes out swinging wild pitch, reaches first!
|
Batting: RHB Leonardo Nava
|
0-0: Ball 1-0: Ball Art Kent steals 2nd base 2-0: Swinging Strike 2-1: Ball 3-1: Swinging Strike 3-2: Base on Balls
|
Batting: RHB Khalil Stephens
|
0-0: Ball 1-0: Ball 2-0: Called Strike 2-1: Swinging Strike 2-2: Strikes out swinging
|
Bottom of the 15th over - 0 runs, 0 hits, 0 errors, 2 left on base; Washington (WIN) 4 - Chicago (WIN) 4 |
TOP OF THE 16TH |
Washington (WIN) Nationals batting - Pitching for Chicago (WIN) Cubs : RHP Karl Stuart
|
Batting: LHB Pat Aviles
|
0-0: Foul Ball, location: 2F 0-1: Ball 1-1: Swinging Strike 1-2: Foul Ball, location: 2F 1-2: Strikes out looking
|
Batting: RHB Josh Lykins
|
0-0: Called Strike 0-1: Ball 1-1: Ball 2-1: Called Strike 2-2: DOUBLE (Line Drive, 89D, EV 115.0 MPH)
|
Batting: RHB Ke-yue Hong
|
0-0: Ball 1-0: Ground out 4-3 (Groundball, 4, EV 81.9 MPH) Josh Lykins to third
|
Batting: RHB Jim Miske
|
0-0: Foul Ball, location: 2F 0-1: Ball 1-1: SINGLE (Groundball, 56D, EV 100.6 MPH) Josh Lykins scores
|
Batting: RHB Hisayuki Akiyama
|
0-0: Ball 1-0: Foul Ball, location: 2F 1-1: Called Strike 1-2: Strikes out swinging
|
Top of the 16th over - 1 run, 2 hits, 0 errors, 1 left on base; Washington (WIN) 5 - Chicago (WIN) 4 |
BOTTOM OF THE 16TH |
Chicago (WIN) Cubs batting - Pitching for Washington (WIN) Nationals : RHP Ruben Nevarel
|
Batting: RHB Ryan Walker
|
0-0: Called Strike 0-1: Ball 1-1: Swinging Strike 1-2: Ball 2-2: Foul Ball, location: 2F 2-2: Fly out, F3 (Popup, 23F, EV 85.6 MPH)
|
Batting: RHB Jason Ostrom
|
0-0: Ball 1-0: Called Strike 1-1: Swinging Strike 1-2: Strikes out swinging
|
Batting: RHB Sam Sours
|
0-0: Ball 1-0: Foul Ball, location: 2F 1-1: Ground out 6-3 (Groundball, 56, EV 104.4 MPH)
|
Bottom of the 16th over - 0 runs, 0 hits, 0 errors, 0 left on base; Washington (WIN) 5 - Chicago (WIN) 4 |
|